 Dungeon Crawl Stone Soup version 0.21.1-1-g345015f (webtiles) character file.

63 Kagorn the Sneak (level 3, 0/16 HPs)
             Began as a Spriggan Assassin on June 18, 2018.
             Was a Follower of Hepliaklqana.
             Slain by a worker ant (5 damage)
             ... on level 4 of the Dungeon.
             The game lasted 00:13:53 (3229 turns).

Kagorn the Sneak (Spriggan Assassin)                Turns: 3229, Time: 00:13:53

Health: 0/16       AC:  3    Str:  7    XL:     3   Next: 89%
Magic:  4/4        EV: 18    Int: 12    God:    Hepliaklqana [*.....]
Gold:   97         SH:  0    Dex: 18    Spells: 2/2 levels left

rFire    . . .     SeeInvis +   a - +3 dagger
rCold    + . .     Gourm    .   (shield restricted)
rNeg     . . .     Faith    .   s - +0 robe
rPois    .         Spirit   .   (helmet restricted)
rElec    .         Reflect  .   d - +0 cloak
rCorr    .         Harm     .   (gloves unavailable)
MR       .....                  (boots unavailable)
Stlth    +++.......             (no amulet)
HPRegen  0.05/turn              h - ring of wizardry
MPRegen  0.09/turn              j - ring of protection from cold

@: lethally poisoned (0 -> -13), very quick
A: very small, unfitting armour, reduced essence, see invisible, herbivore,
speed 3, slow metabolism 2
a: Recall Ancestor, Ancestor Identity, Renounce Religion


You were on level 4 of the Dungeon.
You worshipped Hepliaklqana.
Hepliaklqana was aware of your devotion.
You were not hungry.

You visited 1 branch of the dungeon, and saw 4 of its levels.

You collected 97 gold pieces.

Inventory:

Hand Weapons
 a - a +3 dagger (weapon)
 b - a +0 blowgun
Missiles
 e - 18 poisoned needles
 f - 2 curare-tipped needles
Armour
 c - a +0 robe
 d - a +0 cloak (worn)
 m - a +0 robe
 s - a +0 robe (worn)
Jewellery
 h - a ring of wizardry (left hand)
 j - a ring of protection from cold (right hand)
 u - a cursed ring of loudness {unknown}
Scrolls
 k - 2 scrolls of amnesia {unknown}
 n - a scroll of remove curse {unknown}
 o - 2 scrolls of identify
Potions
 i - 4 potions of lignification
 l - a potion of resistance
 p - 2 potions of agility {unknown}
 q - a potion of curing
 r - a potion of mutation {unknown}
 t - a potion of invisibility
 v - a potion of ambrosia {unknown}
Comestibles
 g - 4 rations


   Skills:
 * Level 2.2 Fighting
 * Level 3.0 Short Blades
 + Level 2.2 Throwing
 + Level 0.7 Armour
 + Level 2.3 Dodging
 + Level 6.1 Stealth


You had 2 spell levels left.
You didn't know any spells.

Dungeon Overview and Level Annotations

Branches:
Dungeon (4/15)
 Temple: D:4-7

Altars:
Hepliaklqana
Makhleb


Innate Abilities, Weirdness & Mutations

You are very small and have problems with some larger weapons.
You are too small for most types of armour.
You have supernaturally acute eyesight. (SInv)
You are a herbivore.
You cover ground extremely quickly.
You need consume almost no food.
Your life essence is reduced to manifest your ancestor. (-10% HP)


Message History

You closely miss the worker ant.
The worker ant is lightly wounded.
You feel sick. The worker ant closely misses you.
You hit the worker ant.
The worker ant is lightly wounded.
You feel sick.
The worker ant bites you but does no damage.
You hit the worker ant but do no damage.
The worker ant is lightly wounded.
You feel sick. The worker ant misses you.
You hit the worker ant.
The worker ant is heavily wounded.
You feel sick. The worker ant closely misses you.
You hit the worker ant but do no damage.
The worker ant is heavily wounded.
You feel sick. The worker ant completely misses you.
You hit the worker ant but do no damage.
The worker ant is heavily wounded.
You feel sick. The worker ant bites you.
You die...

##..................
..........##.#######
# ##..#.#..#...#
#.####...........#
.............#...#
#.#..$.............
.............#.#...
###.##?..>.........
.......@R..###.#...
.......a.......#..
#.........######
####........
........#.#
######...#.# #...# .
..... .


You could see the friendly Kaya the ancestor and a worker ant.

Vanquished Creatures
  An adder (D:3)
  A dart slug (D:3)
  2 worms
  A leopard gecko (D:3)
  3 giant cockroaches
  5 goblins
  5 hobgoblins (D:1)
  4 jackals (D:3)
  7 kobolds
  6 bats
  2 frilled lizards
  A quokka skeleton (D:2)
  5 rats
43 creatures vanquished.

Vanquished Creatures (others)
  An ancestor (D:3)
1 creature vanquished.

Grand Total: 44 creatures vanquished

Notes
Turn   | Place    | Note
-------+----------+-------------------------------------------
     0 | D:1      | Kagorn the Spriggan Assassin began the quest for the Orb.
     0 | D:1      | Reached XP level 1. HP: 10/10 MP: 2/2
     6 | D:1      | Noticed a polar bear
     6 | D:1      | Noticed a hog
     9 | D:1      | Noticed a four-headed hydra
    84 | D:1      | Reached XP level 2. HP: 15/15 MP: 3/3
   583 | D:1      | Reached skill level 6 in Stealth
  1211 | D:2      | Found a hazy altar of Hepliaklqana.
  1236 | D:2      | Reached XP level 3. HP: 4/18 MP: 4/4
  1471 | D:2      | Became a worshipper of Hepliaklqana the Forgotten
  1969 | D:3      | Found a burning altar of Makhleb.
  2297 | D:3      | Reached * piety under Hepliaklqana
  2930 | D:3      | Found a faded altar of an unknown god.
  3229 | D:4      | Slain by a worker ant

Skill      XL: |  1  2  3 |
---------------+----------+-----
Stealth        | 6 |  6.1
Fighting       | 2 |  2.2
Dodging        | 2 |  2.3
Short Blades   | 3 |  3.0
Throwing       | |  2.2
Armour         | |  0.7

Action                   || total
-------------------------++-------
Melee: Dagger            ||   142
Invok: Recall Ancestor   ||     1
  Use: Potion            ||     5
       Scroll            ||     3
 Stab: Sleeping          ||    12
Armor: Robe              ||    16
Dodge: Dodged            ||    72
